 Dungeon Crawl Stone Soup version 0.29.1-13-g9f3cf754e1 (webtiles) character file.

Game seed: 16878420673873956867

124 concernfroge the Ducker (level 4, -1/19 HPs)
             Began as a Felid Transmuter on Jan 28, 2023.
             Was an Initiate of Nemelex Xobeh.
             Slain by a gnoll
             ... wielding a +0 spear
              (8 damage)
             ... on level 3 of the Dungeon on Jan 29, 2023.
             The game lasted 00:06:58 (3057 turns).

concernfroge the Ducker (Felid Transmuter)          Turns: 3057, Time: 00:06:59

Health: -1/19      AC:  1    Str:  6    XL:     4   Next: 81%
Magic:  3/8        EV: 19    Int: 14    God:    Nemelex Xobeh [......]
Gold:   63         SH:  0    Dex: 19    Spells: 1/7 levels left
                                        Lives:  0   Deaths: 1

rFire   . . .      SeeInvis +     - Unarmed
rCold   . . .      Faith    .   (shield unavailable)
rNeg    . . .      Spirit   .   (body armour unavailable)
rPois   .          Reflect  .   (helmet unavailable)
rElec   .          Harm     .   (cloak unavailable)
rCorr   .          Rampage  .   (gloves unavailable)
Will    .....                   (boots unavailable)
Stlth   +++.......              (no amulet)
HPRegen 0.06/turn               (no ring)
MPRegen 0.11/turn               (no ring)

@: wereblooded, quick
A: very small, claws 1, fangs 3, see invisible, speed 1, shaggy fur 1, stealthy
paws, no weapons or thrown items, no armour, multi-lived
a: Renounce Religion, Draw Escape, Draw Destruction, Draw Summoning


You were on level 3 of the Dungeon.
You worshipped Nemelex Xobeh.
Nemelex Xobeh was noncommittal.
You visited 1 branch of the dungeon, and saw 3 of its levels.

You collected 63 gold pieces.

Inventory:

Scrolls
 a - a scroll of enchant armour {unknown}
 b - 2 scrolls of vulnerability {unknown}
 c - a scroll of noise {unknown}
 e - a scroll of teleportation {unknown}
 f - a scroll of amnesia {unknown}
 g - 2 scrolls of identify {unknown}
Potions
 d - a potion of attraction {unknown}
 h - a potion of haste {unknown}
 i - 2 potions of brilliance {unknown}


   Skills:
 - Level 1.0 Fighting
 + Level 4.4 Dodging
 + Level 3.4 Stealth
 + Level 4.0 Unarmed Combat
 - Level 2.0 Spellcasting
 + Level 3.5 Transmutations
 + Level 1.5 Poison Magic
 + Level 0.0 Invocations


You had one spell level left.
You knew the following spells:

 Your Spells              Type           Power      Damage    Failure   Level
a - Beastly Appendage     Tmut           22%        N/A       5%          1
b - Wereblood             Tmut           11%        N/A       9%          2
c - Spider Form           Tmut/Pois      8%         N/A       26%         3

Your spell library contained the following spells:

 Spells                   Type           Power      Damage    Failure   Level
 Ice Form                 Ice/Tmut       6%         N/A       75%         4


Dungeon Overview and Level Annotations

Branches:
Dungeon (3/15)

Altars:
Dithmenos
Nemelex Xobeh


Innate Abilities, Weirdness & Mutations

You have sharp claws.
You have razor-sharp teeth.
You have supernaturally acute eyesight. (SInv)
You cover ground quickly. (Speed+)
You are covered in fur. (AC +1)
Your paws help you pounce on unaware monsters.
You are incapable of wielding weapons or throwing items.
You cannot wear armour.
You gain extra lives every three experience levels.


Message History

Confirm with . or Enter, or press ? or * to list all spells.
The spell is astonishingly dangerous to miscast (26% risk of failure)!
Continue anyway?
You turn into a venomous arachnid creature.
A kobold comes into view. It is wielding a +0 dagger.
Casting: Spider Form (astonishingly dangerous; 47% risk of failure)
Confirm with . or Enter, or press ? or * to list all spells.
Your blood is infused with primal strength.
The kobold shouts!
The gnoll misses you.
Your transformation is almost over.
The gnoll closely misses you.
You hit the gnoll but do no damage. You hit the gnoll but do no damage.
The gnoll is poisoned.
The kobold barely misses you. The gnoll closely misses you.
You hit the gnoll.
The gnoll looks as sick as possible!
The gnoll is moderately wounded.
The kobold barely misses you. The gnoll completely misses you.
Your magical contamination has completely faded away.
You hit the gnoll.
The gnoll looks as sick as possible!
The gnoll is almost dead.
You kill the gnoll!
The kobold barely misses you.
You hit the kobold but do no damage.
The kobold is poisoned.
The gnoll hits you from afar with a +0 spear.
The kobold hits you with a +0 dagger.
You bite the kobold!
You feel a bit better.
You kill the kobold!
The gnoll hits you from afar with a +0 spear!
Found a shadowy altar of Dithmenos.
The gnoll closely misses you.
You see here a +0 halberd.
You hit the gnoll.
The gnoll is poisoned.
The gnoll is moderately wounded.
You hiss as the wereblood boils in your veins!
The gnoll misses you.
You barely miss the gnoll.
The gnoll is moderately wounded.
Your transformation has ended.
The gnoll hits you with a +0 spear!
You die...
Your body disappears without a glow.

##.....#..>..## ##.............##
#...............#
#<..............# ####
#...............# ....
#...............# ####
_.#...........†...#
...............).##
##.)@g.#.....##### ##
#..####.........#### .##
########.## #............# ..#
#.....##.# #..<........# ♣+♣
#.....#..# #....[....###
..♣####.....#.## ##.###....##
#.♣.........#.#####..# #..#.##
..♣#.##.......##....#####....####
..'†.###.#.#...................†)


You could see a gnoll (very poisoned).

Vanquished Creatures
  Natasha (twice) (D:2)
  An orc wizard (D:2)
  6 gnolls
  3 adders
  A dart slug (D:2)
  9 orcs
  6 bats
  4 endoplasms (D:1)
  2 giant cockroaches
  7 goblins
  4 hobgoblins
  5 kobolds
  A quokka (D:2)
  5 ball pythons
  4 frilled lizards (D:2)
  5 rats
65 creatures vanquished.

Notes
Turn   | Place    | Note
-------+----------+-------------------------------------------
     0 | D:1      | concernfroge the Felid Transmuter began the quest for the
                  | Orb.
     0 | D:1      | Reached XP level 1. HP: 9/9 MP: 4/4
   257 | D:1      | Reached skill level 1 in Stealth
   331 | D:1      | Reached XP level 2. HP: 12/12 MP: 6/6
   334 | D:1      | Learned a level 2 spell: Wereblood
  1344 | D:2      | Reached XP level 3. HP: 15/15 MP: 3/7
  1353 | D:2      | Learned a level 3 spell: Spider Form
  1558 | D:2      | Noticed Natasha
  1576 | D:2      | Killed Natasha
  1586 | D:2      | Reached XP level 4. HP: 7/19 MP: 3/8
  1890 | D:2      | Noticed Natasha
  1899 | D:2      | Killed Natasha
  2090 | D:2      | Reached skill level 1 in Poison Magic
  2316 | D:2      | Reached XP level 5. HP: 15/22 MP: 4/9
  2997 | D:3      | Slain by a gnoll
  2998 | D:3      | Reached XP level 4. HP: 0/19 MP: 2/8
  3009 | D:3      | Found a sparkling altar of Nemelex Xobeh.
  3024 | D:3      | Became a worshipper of Nemelex Xobeh the Trickster
  3055 | D:3      | Found a shadowy altar of Dithmenos.
  3057 | D:3      | Slain by a gnoll

Illustrated notes

Levels and vault maps discovered:
D:1:      ncdulo_smallfort, layout_basic
D:2:      layout_basic, wad_orctagon, uniq_natasha
D:3:      layout_rooms, nicolae_qazlal_style_of_elements,
          mainiacjoe_overflow_six_doors_small, overflow_temple_1_default,
          lemuel_tele_altar, minmay_quantized

Skill      XL: |  1  2  3  4  5 |
---------------+----------------+-----
Dodging        | 3 4 |  4.4
Stealth        | 1 2 3 |  3.4
Transmutations | 3 |  3.5
Poison Magic   | 1 |  1.5
Unarmed Combat | 4 |  4.0
Fighting       | |  1.0
Spellcasting   | |  2.0

Action                   |  1- 3 |  4- 6 || total
-------------------------+-------+-------++-------
Melee: Unarmed           |    84 |    88 ||   172
       Bite              |     8 |     5 ||    13
       Headbutt          |     6 |     1 ||     7
       Punch             |     2 |       ||     2
 Cast: Beastly Appendage |    10 |     3 ||    13
       Wereblood         |     6 |     9 ||    15
       Spider Form       |       |     7 ||     7
  Use: Potion            |       |     1 ||     1
 Stab: Sleeping          |     3 |     4 ||     7
Armor: Skin              |     1 |    17 ||    18
Dodge: Dodged            |    48 |    66 ||   114
